 Dungeon Crawl Stone Soup version 0.30.0-10-gfe55d96785 (webtiles) character file.

Game seed: 13435958753314827705

679 GigaChad the Chopper (level 7, -1/55 HPs)
             Began as a Formicid Fighter on May 16, 2023.
             Slain by Pikel
             ... wielding a +1 whip of flaming
              (2 damage)
             ... on level 4 of the Dungeon.
             The game lasted 00:03:23 (3177 turns).

GigaChad the Chopper (Formicid Fighter)             Turns: 3177, Time: 00:03:23

Health: -1/55      AC: 14    Str: 23    XL:     7   Next: 92%
Magic:  7/7        EV:  7    Int:  7    God:
Gold:   1226       SH: 10    Dex: 16    Spells: 6/6 levels left

rFire   . . .        a - +0 war axe
rCold   . . .        e - +0 kite shield
rNeg    . . .        h - +5 chain mail "Roucwel" {Dex+3 Stlth+}
rPois   .            (helmet unavailable)
rElec   .            (no cloak)
rCorr   .            (no gloves)
SInv    +            (no boots)
Will    .....        (no amulet) Stlth
                     (no ring)
HPRegen 0.29/turn    (no ring)
MPRegen 0.10/turn

%: no passive effects
@: no status effects
A: permanent stasis, dig shafts and tunnels, antennae 3, four strong arms
a: Dig, Shaft Self


You were on level 4 of the Dungeon.
You visited 1 branch of the dungeon, and saw 4 of its levels.

You collected 1226 gold pieces.

Inventory:

Hand Weapons
 a - a +0 war axe (weapon)
Missiles
 q - a throwing net
Armour
 b - a +0 scale mail
 c - a +0 buckler
 e - a +0 kite shield (worn)
 h - the +5 chain mail "Roucwel" (worn) {Dex+3 Stlth+}
   (You acquired it on level 2 of the Dungeon)

   Dex:       It affects your dexterity (+3).
   Stlth:     It makes you more stealthy.
Jewellery
 i - a ring of fire
 j - an amulet of guardian spirit
 r - a ring of fire
Scrolls
 k - a scroll of fog {unknown}
 m - 4 scrolls of teleportation {unknown}
 n - a scroll of poison {unknown}
 o - a scroll of magic mapping {unknown}
 s - a scroll of enchant armour {unknown}
Potions
 d - a potion of might
 f - a potion of haste {unknown}
 g - 3 potions of curing
 l - a potion of resistance {unknown}
 p - a potion of lignification {unknown}
 t - a potion of invisibility {unknown}
 u - 2 potions of ambrosia {unknown}


   Skills:
 * Level 4.9 Fighting
 * Level 6.4 Axes
 + Level 4.0 Armour
 * Level 5.8 Shields


You had 6 spell levels left.
You didn't know any spells.
Your spell library contained the following spells:

 Spells                   Type           Power      Damage    Failure   Level
 Magic Dart               Conj           0%         1d3       99%         1
 Call Imp                 Summ           0%         N/A       100%        2
 Dazzling Flash           Conj/Hex       0%         N/A       100%        3
 Mephitic Cloud           Conj/Pois/Air  0%         N/A       100%        3
 Volatile Blastmotes      Fire/Tloc      0%         2d10      100%        3
 Iskenderun's Mystic Bla  Conj/Tloc      0%         2d3       100%        4
 Starburst                Conj/Fire      0%         6d3       100%        6


Dungeon Overview and Level Annotations

Branches:
Dungeon (4/15)
 Temple: D:4-7

Altars:
Makhleb
Uskayaw

Annotations:
D:4 Pikel


Innate Abilities, Weirdness & Mutations

You cannot be hasted, slowed, berserked, paralysed or teleported.
You can dig through walls and to a lower floor.
You have a pair of large antennae on your head. (SInv)
Your four strong arms can wield two-handed weapons with a shield.


Message History

Pikel is heavily wounded.
You hit the lemure but do no damage. You closely miss the lemure.
Pikel hits you but does no damage. You block the lemure's attack.
The lemure barely misses you.
Unknown command.
You barely miss Pikel.
Pikel is heavily wounded.
You hit the lemure. You slash the lemure!
Pikel says, "All the demons know me.
They respect me."
Pikel hits you but does no damage. The lemure hits you but does no damage.
You block the lemure's attack.
Unknown command.
You closely miss Pikel.
Pikel is heavily wounded.
You barely miss the lemure. You slash the lemure! You block Pikel's attack.
You block the lemure's attack. The lemure hits you.
* * * LOW HITPOINT WARNING * * *
Pikel closely misses you. The lemure hits you.
* * * LOW HITPOINT WARNING * * *
The lemure barely misses you.
You hit Pikel.
Pikel is severely wounded.
You hit the lemure but do no damage. You hit the lemure.
Pikel completely misses you. You block the lemure's attack.
The lemure hits you but does no damage.
Unknown command.
You hit Pikel but do no damage.
Pikel is severely wounded.
You barely miss the lemure. You hit the lemure. You block Pikel's attack.
The lemure hits you.
* * * LOW HITPOINT WARNING * * *
The lemure barely misses you.
Unknown command.
You closely miss Pikel.
Pikel is severely wounded.
You slash the lemure!
You kill the lemure!
That felt strangely unrewarding.
You hit the lemure.
Pikel hits you with a +1 whip of flaming.
You die...

#$ #.#.....#
#.####### #)#
#.# ###
###.##### ....
#.......#
..$..#.#.###.#
......)....#
.......@#.##
....#.5K#.#
....#..5#.#
........#.#
##....#.#
.....#.#
.<###.### ##.
...


You could see Pikel and 2 lemures.

Vanquished Creatures
  Sigmund (D:4)
  Menkaure (D:4)
  An ogre (D:4)
  2 lemures (D:4)
  A scorpion (D:4)
  An orc wizard (D:4)
  7 gnolls
  8 adders
  3 dart slugs
  4 orcs (D:4)
  7 ball pythons
  8 endoplasms
  4 giant cockroaches
  7 goblins
  9 hobgoblins
  5 jackals
  2 quokkas (D:1)
  3 bats (D:1)
  7 frilled lizards
  7 kobolds
  7 rats
95 creatures vanquished.

Notes
Turn   | Place    | Note
-------+----------+-------------------------------------------
     0 | D:1      | GigaChad the Formicid Fighter began the quest for the Orb.
     0 | D:1      | Reached XP level 1. HP: 18/18 MP: 1/1
    32 | D:1      | Reached XP level 2. HP: 20/24 MP: 2/2
   292 | D:1      | Reached XP level 3. HP: 27/29 MP: 3/3
   870 | D:1      | Found a faded altar of an unknown god.
  1149 | D:2      | Reached skill level 3 in Axes
  1153 | D:2      | Reached XP level 4. HP: 34/37 MP: 4/4
  1185 | D:2      | Found a hide-covered altar of Uskayaw.
  1404 | D:2      | Reached XP level 5. HP: 41/42 MP: 5/5
  1749 | D:2      | Identified 2 scrolls of acquirement
  1750 | D:2      | Acquired 1008 gold pieces
  1752 | D:2      | Acquired the +5 chain mail "Roucwel" {Dex+3 Stlth+}
  1990 | D:3      | Found a burning altar of Makhleb.
  2156 | D:3      | Reached skill level 4 in Axes
  2312 | D:3      | Reached skill level 5 in Shields
  2582 | D:4      | Reached XP level 6. HP: 48/48 MP: 6/6
  2626 | D:4      | Noticed Menkaure
  2635 | D:4      | Killed Menkaure
  2636 | D:4      | Reached skill level 5 in Axes
  2653 | D:4      | Reached XP level 7. HP: 48/55 MP: 7/7
  2926 | D:4      | Reached skill level 6 in Axes
  3134 | D:4      | Noticed Sigmund
  3147 | D:4      | Killed Sigmund
  3156 | D:4      | Noticed Pikel
  3176 | D:4      | HP: 1/55 [lemure[Pikel] (4)]
  3177 | D:4      | Slain by Pikel

Illustrated notes

Levels and vault maps discovered:
D:1:      scummos_arrival_forest, layout_loops_corners,
          shapermc_ecumenical_altar_hornbeckon
D:2:      layout_rooms, basic_altar, roderic_roman_lattice,
          dreamdust_mushroom_princess
D:3:      layout_loops_ring, overflow_temple_1_default
D:4:      minmay_angry_zag, layout_basic, minmay_misc_feat_tower,
          minmay_statues_item, hangedman_decor_opposing, uniq_pikel,
          uniq_menkaure, uniq_sigmund

Skill      XL: |  1  2  3  4  5  6  7 |
---------------+----------------------+-----
Axes           | 3 4 5 6 |  6.4
Fighting       | 4 |  4.9
Shields        | 5 |  5.8
Armour         | 4 |  4.0

Action                     |  1- 3 |  4- 6 |  7- 9 || total
---------------------------+-------+-------+-------++-------
  Melee: War axe           |   107 |   112 |    58 ||   277
    Use: Scroll            |     1 |     3 |       ||     4
 Armour: Scale mail        |    63 |    10 |       ||    73
         Chain mail        |       |    53 |    41 ||    94
  Dodge: Dodged            |    30 |    41 |    19 ||    90
  Block: Buckler           |     9 |       |       ||     9
         Kite shield       |    42 |    56 |    35 ||   133
